[Event "Late-Titled-Tuesday-Blitz-April-16-2024"]
[Site "Chess.com"]
[Date "2024.04.16"]
[Round "11"]
[White "Charodej1"]
[Black "Boorchess"]
[Result "0-1"]
[WhiteElo "2316"]
[BlackElo "2486"]
[TimeControl "180+1"]
[EndTime "16:04:54 PDT"]
[Termination "Boorchess won by resignation"]

1. e4 e5 2. Nf3 Nf6 3. Nxe5 Nc6 4. Nxc6 dxc6 5. e5 Ne4 6. Nc3 Qd4 7. Nxe4 Qxe4+ 8. Qe2 Qxc2 9. Qc4 Bf5 10. d3 Qxc4 11.
dxc4 O-O-O 12. Bd2 Bc5 13. f4 Bd4 14. O-O-O Bg4 15.
Re1 Bxb2+ 16. Kc2 Bf5+ 17. Kxb2 Rxd2+ 18. Kb3 Rhd8 19. Be2 h5 20. h3 h4 21. Rhg1 g6 22.
g3 hxg3 23. Rxg3 Be6 24. h4 b5 25. a3 c5 26. h5 gxh5 27. Re3 bxc4+ 28. Bxc4 R8d3+ 29. Rxd3 Rxd3+ 30. Kc2 Bxc4 0-1

[Event "Late-Titled-Tuesday-Blitz-April-16-2024"]
[Site "Chess.com"]
[Date "2024.04.16"]
[Round "11"]
[White "KaydenTroffChess"]
[Black "FairChess_on_YouTube"]
[Result "0-1"]
[WhiteElo "2856"]
[BlackElo "3078"]
[TimeControl "180+1"]
[EndTime "16:05:02 PDT"]
[Termination "FairChess_on_YouTube won on time"]

1. d4 Nf6 2. Nf3 c5 3. dxc5 e6 4. Be3 Be7 5. g3 O-O 6. Bg2 Qc7 7. O-O Bxc5 8. Bg5 Ne4 9. Qd3 d5 10. Nc3 f5 11. Bf4 Qb6 12. e3 Be7 13. Ne5 g5 14. Kh1 gxf4 15. gxf4 Nc6 16. Nxd5 exd5 17. Qxd5+ Kh8 18.
Nf7+ Kg7 19. Bxe4 Rxf7 20. Rg1+ Kf8 21. Bd3 Qc5 22. Qg2 Bf6 23. Qg8+ Ke7 24. Rad1 Rb8 25.
e4 fxe4 26. Bxe4 Bf5 27. Qg2 Rg8 28. Qf3 Rxg1+ 29. Kxg1 Nd4 0-1

[Event "Late-Titled-Tuesday-Blitz-April-16-2024"]
[Site "Chess.com"]
[Date "2024.04.16"]
[Round "11"]
[White "wild3000"]
[Black "cukus"]
[Result "0-1"]
[WhiteElo "2482"]
[BlackElo "2388"]
[TimeControl "180+1"]
[EndTime "16:05:02 PDT"]
[Termination "cukus won by checkmate"]

1. d4 Nf6 2. f4 b6 3. Nf3 Bb7 4. g3 Ne4 5. Bg2 d6 6. O-O Nd7 7. e3 Ndf6 8. Nbd2 g6 9. Nxe4 Nxe4 10.
Nd2 d5 11. Nxe4 dxe4 12. f5 Bg7 13. Qg4 h5 14. Qe2 g5 15. Qb5+ Qd7 16. Qxd7+ Kxd7 17.
c4 c5 18. d5 b5 19. cxb5 Bxd5 20. Rd1 e6 21. Bxe4 Kd6 22. Bg2 Ke5 23. fxe6 Bxg2 24. Kxg2 Kxe6 25. a4 f5 26. Ra3 c4 27. a5 Rab8 28. Ra4 Rhc8 29. e4 Rxb5 30. exf5+ Kxf5 31. Rf1+ Kg6 32. a6 Bxb2 33. Be3 Rc7 34. h4 gxh4 35. gxh4 c3 36. Kh3 c2 37. Raf4 c1=Q 38. Rf6+ Bxf6 39. Bxc1 Rb3+ 40. Kg2 Rc2+ 41. Kg1 Rg3+ 42. Kh1 Rh3+ 43. Kg1 Bd4+ 44. Be3 Bxe3+ 45. Rf2 Bxf2+ 46. Kg2 Rg3+ 47. Kf1 Rg1# 0-1

[Event "Late-Titled-Tuesday-Blitz-April-16-2024"]
[Site "Chess.com"]
[Date "2024.04.16"]
[Round "11"]
[White "lluiss"]
[Black "Allion2017"]
[Result "1-0"]
[WhiteElo "2134"]
[BlackElo "2249"]
[TimeControl "180+1"]
[EndTime "16:05:02 PDT"]
[Termination "lluiss won on time"]

1. Nf3 Nf6 2. d4 d5 3. c4 c6 4.
cxd5 cxd5 5. Nc3 Nc6 6. Bf4 Bf5 7. e3 e6 8. Bd3 Bg6 9. O-O Bd6 10. Bxd6 Qxd6 11. Ne1 O-O 12. h3 Rfc8 13. Bxg6 hxg6 14. Nd3 b6 15. Rc1 Na5 16. b3 Nc6 17. Qe2 a6 18.
Rc2 Rc7 19. Rfc1 Rac8 20. Na4 Ne7 21. Ne5 Ne4 22. f3 Rxc2 23. Rxc2 Rxc2 24. Qxc2 b5 25. fxe4 bxa4 26. bxa4 f6 27. Nf3 e5 28. exd5 Nxd5 29. Qb3 Kh7 30. dxe5 fxe5 31. Qd3 Qe6 32. Qe4 1-0

[Event "Late-Titled-Tuesday-Blitz-April-16-2024"]
[Site "Chess.com"]
[Date "2024.04.16"]
[Round "11"]
[White "Firouzja2003"]
[Black "DanielNaroditsky"]
[Result "0-1"]
[WhiteElo "3046"]
[BlackElo "3130"]
[TimeControl "180+1"]
[EndTime "16:05:03 PDT"]
[Termination "DanielNaroditsky won by resignation"]

1. e4 g6 2. d4 Bg7 3. Nc3 d6 4. Be3 c6 5. Qd2 Qa5 6. O-O-O b5 7. Kb1 b4 8. Nce2 Nf6 9. f3 Be6 10. Nc1 Nbd7 11. h4 Nb6 12. Nh3 Bc4 13. Bd3 Qb5 14. Bh6 Bxh6 15. Qxh6 a5 16. Ng5 a4 17. Qg7 Rg8 18.
Qh6 b3 19. Nxh7 bxc2+ 20. Bxc2 Nxh7 21. Qxh7 Kd7 22. Qh6 Rgb8 23. Qe3 Bxa2+ 24. Kxa2 Nc4 25. Qc3 Qxb2+ 26. Qxb2 Rxb2+ 27. Ka1 Rxc2 28. Nd3 Rxg2 29. Rb1 Nd2 30. Rb7+ Kc8 31. Rb4 Nb3+ 32. Kb1 Nd2+ 33. Ka1 Nb3+ 34. Kb1 Rb8 35. Rxa4 Nc5+ 0-1

[Event "Late-Titled-Tuesday-Blitz-April-16-2024"]
[Site "Chess.com"]
[Date "2024.04.16"]
[Round "11"]
[White "BogdanDeac"]
[Black "DenLaz"]
[Result "0-1"]
[WhiteElo "2994"]
[BlackElo "3116"]
[TimeControl "180+1"]
[EndTime "16:05:03 PDT"]
[Termination "DenLaz won on time"]

1. e4 c5 2. Nf3 e6 3. d4 cxd4 4. Nxd4 Nc6 5. Bf4 d6 6. Nxc6 bxc6 7. c4 Rb8 8. Qc2 Nf6 9. Nc3 e5 10. Bd2 Be7 11. Be2 O-O 12. O-O Be6 13. Be3 Qc7 14. Rab1 Ng4 15. Bc1 a5 16. a3 Nf6 17. Bd3 Rfc8 18. Bd2 Qd7 19. Qa4 Ra8 20. Rfd1 h6 21. Be1 Qb7 22. Qc2 Qa7 23. b4 axb4 24. axb4 d5 25.
exd5 cxd5 26. c5 d4 27. Ne4 Nd5 28. Ng3 Rab8 29. Bd2 Qd7 30. Bf5 Bg5 31. Bxe6 Qxe6 32. Ne4 Qg6 33. f3 Be3+ 34. Kh1 f5 35. Nd6 Qxd6 36.
Qb3 Qe6 37. Bxe3 Rxb4 0-1

[Event "Late-Titled-Tuesday-Blitz-April-16-2024"]
[Site "Chess.com"]
[Date "2024.04.16"]
[Round "11"]
[White "djano"]
[Black "MathiasWomacka"]
[Result "0-1"]
[WhiteElo "2607"]
[BlackElo "2517"]
[TimeControl "180+1"]
[EndTime "16:05:06 PDT"]
[Termination "MathiasWomacka won by resignation"]

1. e4 c5 2. Nc3 Nc6 3. f4 g6 4. Nf3 Bg7 5. a4 e6 6. e5 d6 7. Bb5 Ne7 8. Ne4 dxe5 9. fxe5 O-O 10. d4 cxd4 11. Nf6+ Kh8 12. Bxc6 Nxc6 13. Bg5 Nxe5 14. O-O Bxf6 15. Nxe5 Bxg5 16. Nxf7+ Rxf7 17. Rxf7 e5 18. Qf3 Be6 19. Rf1 Bxf7 20. Qxf7 Qd6 21. Qxb7 Rf8 22.
Rf7 Rxf7 23. Qxf7 Qf6 24. Qe8+ Kg7 25. Qd7+ Qf7 26. Qb5 Be3+ 27. Kh1 Qf5 28. Qb7+ Kh6 29. Qb5 Qxc2 30. h3 Qf2 31. Kh2 Bf4+ 0-1

[Event "Late-Titled-Tuesday-Blitz-April-16-2024"]
[Site "Chess.com"]
[Date "2024.04.16"]
[Round "11"]
[White "subham777"]
[Black "Indefatigable11"]
[Result "1-0"]
[WhiteElo "2532"]
[BlackElo "2400"]
[TimeControl "180+1"]
[EndTime "16:05:11 PDT"]
[Termination "subham777 won by checkmate"]

1. e4 e6 2. Nf3 d5 3. Nc3 d4 4. Ne2 c5 5. d3 Nc6 6. g3 e5 7.
Bg2 Nf6 8. O-O Be7 9. Ne1 O-O 10. f4 Ne8 11. f5 Bg5 12. h4 Bxc1 13. Qxc1 f6 14. g4 Nd6 15. g5 c4 16. Nf3 Bd7 17.
Ng3 Rc8 18. a3 Qb6 19. g6 h6 20. Nh2 cxd3 21. cxd3 Nb4 22. Qd2 Nc2 23. Ng4 Rfe8 24.
Nxh6+ gxh6 25. Qxh6 Re7 26. Nh5 Ne8 27. g7 Rxg7 28. Nxg7 Nxg7 29. Rac1 Ne3 30. Rxc8+ Bxc8 31. Rf3 Qc7 32. Qxf6 Qc1+ 33. Bf1 Qc7 34. Qg5 Kf8 35. f6 Ne6 36. Qh6+ Kf7 37. Qh7+ Kf8 38. Qh8+ Kf7 39. Rg3 Qd8 40. Rg7+ Kxf6 41. Qh6# 1-0

[Event "Late-Titled-Tuesday-Blitz-April-16-2024"]
[Site "Chess.com"]
[Date "2024.04.16"]
[Round "11"]
[White "albayo"]
[Black "Meri-Arabidze"]
[Result "0-1"]
[WhiteElo "2519"]
[BlackElo "2657"]
[TimeControl "180+1"]
[EndTime "16:05:12 PDT"]
[Termination "Meri-Arabidze won on time"]

1. e4 c5 2. Nf3 e6 3. d4 cxd4 4. Nxd4 Nc6 5. Nc3 a6 6. Be3 Nf6 7. f3 Qc7 8. Qd2 Be7 9. O-O-O b5 10. g4 O-O 11. h4 Bb7 12. h5 b4 13. Nce2 Ne5 14.
g5 Nxe4 15. fxe4 Bxe4 16. Ng3 Bxh1 17. Nxh1 d5 18. Kb1 Nc4 19. Bxc4 dxc4 20. g6 Bf6 21.
gxf7+ Rxf7 22. Qxb4 Rd8 23. c3 e5 24. Nf2 exd4 25.
cxd4 Qe7 26. Qc3 Bg5 27. Bxg5 Qxg5 28. Qxc4 Qxh5 29. Rc1 Qd5 30. Qxd5 Rxd5 31. Nd3 Rxd4 32. Ne5 Rf8 33. Rc7 Re4 34. Nd7 Re7 0-1

[Event "Late-Titled-Tuesday-Blitz-April-16-2024"]
[Site "Chess.com"]
[Date "2024.04.16"]
[Round "11"]
[White "Andrii_Prydun"]
[Black "JiangoFett"]
[Result "1-0"]
[WhiteElo "2391"]
[BlackElo "2519"]
[TimeControl "180+1"]
[EndTime "16:05:15 PDT"]
[Termination "Andrii_Prydun won on time"]

1. e4 c5 2. Nf3 Nc6 3. Bb5 e6 4. Bxc6 bxc6 5. O-O Ne7 6. Nh4 Ng6 7. Nxg6 hxg6 8. Qg4 Bd6 9. g3 e5 10. d3 Be7 11. f4 d6 12. Qf3 exf4 13. Bxf4 Be6 14. Nd2 Qb6 15. b3 g5 16. Be3 g4 17. Qf2 Rh3 18. Rab1 Qc7 19. Bf4 a5 20. Nc4 Kf8 21. Qxc5 dxc5 22. Bxc7 a4 23. bxa4 Bxc4 24. dxc4 Ke8 25.
Rfd1 Rh8 26. a5 Bf6 27. a6 Bd4+ 28. Rxd4 cxd4 29. Rb8+ Kd7 30. Rb7 Rxa6 31. Bd8+ Kc8 32.
Rb6 Rxb6 33. Bxb6 1-0

[Event "Late-Titled-Tuesday-Blitz-April-16-2024"]
[Site "Chess.com"]
[Date "2024.04.16"]
[Round "11"]
[White "FabianoCaruana"]
[Black "Durarbayli"]
[Result "1-0"]
[WhiteElo "3095"]
[BlackElo "2912"]
[TimeControl "180+1"]
[EndTime "16:05:17 PDT"]
[Termination "FabianoCaruana won on time"]

1. d4 d5 2. c4 c6 3. Nf3 Nf6 4. Nc3 e6 5. e3 Nbd7 6. Qc2 Bd6 7. b3 O-O 8. Be2 e5 9. cxd5 e4 10. Nxe4 Nxe4 11. Qxe4 Nf6 12. Qc2 cxd5 13. O-O Ne4 14. Nd2 Bf5 15. Nxe4 Bxe4 16. Bd3 Rc8 17. Qe2 Qc7 18.
Bxe4 dxe4 19. g3 Qc2 20. Bd2 Ba3 21. Rfd1 a6 22. Qe1 Bb2 23. Rab1 Ba3 24. d5 Rfd8 25. Bb4 Qxa2 26. Ra1 Bxb4 27. Qxb4 Qc2 28. Qxb7 Rb8 29.
Qe7 Re8 30. Qd6 Qxb3 31. Qxa6 Rb6 32. Qa5 Rf6 33. d6 Qc2 34. Rd2 Qc6 35. d7 1-0

[Event "Late-Titled-Tuesday-Blitz-April-16-2024"]
[Site "Chess.com"]
[Date "2024.04.16"]
[Round "11"]
[White "volcanoexplorer"]
[Black "Ramil_Faizrakhmanov"]
[Result "1-0"]
[WhiteElo "2657"]
[BlackElo "2854"]
[TimeControl "180+1"]
[EndTime "16:05:17 PDT"]
[Termination "volcanoexplorer won by resignation"]

1. e4 c6 2. d4 d5 3. f3 e6 4. Nc3 Bb4 5. Ne2 Ne7 6. a3 Ba5 7. e5 O-O 8. h4 Bc7 9. h5 c5 10.
h6 g6 11. f4 cxd4 12. Nb5 Ba5+ 13. b4 Bb6 14. Nbxd4 a5 15. Be3 Nbc6 16. b5 Nxd4 17.
Nxd4 Bd7 18. Be2 Rc8 19. Qd2 Qc7 20. Kf2 Bxd4 21. Qxd4 Nf5 22. Qd2 Qxc2 23. Rhc1 Qa4 24. Bc5 Rfe8 25. g4 Nxh6 26. Rab1 Rxc5 27. Rxc5 Qxa3 28.
Rc3 Qe7 29. Rh1 Kg7 30. f5 Ng8 31. f6+ Nxf6 32. exf6+ Qxf6+ 33. Rf3 1-0

[Event "Late-Titled-Tuesday-Blitz-April-16-2024"]
[Site "Chess.com"]
[Date "2024.04.16"]
[Round "11"]
[White "Fengwi"]
[Black "LUISMIGUELOV"]
[Result "1-0"]
[WhiteElo "2430"]
[BlackElo "2197"]
[TimeControl "180+1"]
[EndTime "16:05:20 PDT"]
[Termination "Fengwi won by checkmate"]

1. Nf3 d6 2. d4 b6 3. e4 Bb7 4. Bd3 g6 5. O-O Bg7 6. Re1 Nd7 7. c4 e5 8. d5 Ne7 9. Nc3 O-O 10. b4 c6 11.
dxc6 Bxc6 12. Bg5 h6 13. Be3 Qc7 14. Rc1 f5 15. Nd5 Bxd5 16. cxd5 Qd8 17. exf5 gxf5 18. Bb5 e4 19. Nd4 Bxd4 20. Qxd4 Ne5 21. Bxh6 Rf6 22.
Bf4 N7g6 23. Bg5 Qf8 24. Bxf6 Qxf6 25. Qe3 Ng4 26. Qg3 Rf8 27. Rc7 Rf7 28. Rxf7 Kxf7 29. Bd7 Ke7 30. Be6 Nf8 31. f3 Nxe6 32. fxg4 f4 33.
Qf2 e3 34. Qc2 Nd4 35. Qh7+ Kd8 36. Qg8+ Kc7 37. Rc1+ Kd7 38. Qc8+ Ke7 39. Rc7# 1-0

[Event "Late-Titled-Tuesday-Blitz-April-16-2024"]
[Site "Chess.com"]
[Date "2024.04.16"]
[Round "11"]
[White "CMButgood"]
[Black "rhwr"]
[Result "1-0"]
[WhiteElo "2070"]
[BlackElo "2216"]
[TimeControl "180+1"]
[EndTime "16:05:22 PDT"]
[Termination "CMButgood won on time"]

1. e4 c5 2. Nf3 d6 3. d4 cxd4 4. Nxd4 Nf6 5. Nc3 e5 6. Nb3 Be6 7. Be3 Be7 8. f3 O-O 9. Qd2 a6 10. O-O-O b5 11. Kb1 b4 12. Nd5 Bxd5 13. exd5 a5 14.
Nc1 Nbd7 15. Bb5 Nb6 16. Bc6 Nc4 17. Qe2 Nxe3 18. Qxe3 Rb8 19. h3 Nd7 20. Bxd7 Qxd7 21. h4 f5 22. g4 fxg4 23. fxg4 Rf4 24. g5 Rbf8 25. Nd3 Rf3 26. Qb6 e4 27. Nc1 Bd8 28. Qd4 e3 29. Rde1 Re8 30. Rhf1 Qf5 31. Rxf3 Qxf3 32. Nd3 e2 33. Qf2 Qxf2 34. Nxf2 Bb6 35. Nd3 Re4 36. Nc1 Bf2 37. Rxe2 Rxe2 38. Nxe2 Bxh4 39.
g6 hxg6 40. c4 bxc3 41. bxc3 g5 42. c4 g4 43. Kc2 g3 44. Kd3 g2 45. Ke3 Bd8 46. Kf3 Bb6 47. Kxg2 Kf7 48. Kf3 Kf6 49. Ke4 g5 50. Ng3 Bc5 51. a4 Kg6 52. Kf3 Kf6 53. Ne4+ 1-0

[Event "Late-Titled-Tuesday-Blitz-April-16-2024"]
[Site "Chess.com"]
[Date "2024.04.16"]
[Round "11"]
[White "SpeedofLight0"]
[Black "alexrustemov"]
[Result "1-0"]
[WhiteElo "3038"]
[BlackElo "2855"]
[TimeControl "180+1"]
[EndTime "16:05:28 PDT"]
[Termination "SpeedofLight0 won on time"]

1. d4 d5 2. Nc3 Nf6 3. Bf4 c5 4.
e3 cxd4 5. exd4 a6 6. Nf3 Nc6 7.
Ne5 e6 8. Nxc6 bxc6 9. Bd3 Bd6 10. Bxd6 Qxd6 11. O-O O-O 12. Na4 a5 13. Qe1 Ba6 14. f3 Nd7 15. Qc3 Rfc8 16. Nc5 Nxc5 17. dxc5 Qf4 18. Bxa6 Rxa6 19. Rad1 Qb4 20. Rd4 Qxc3 21.
bxc3 a4 22. Kf2 Ra5 23. Ke2 Rxc5 24. Rxa4 Rxc3 25. Kd2 Rc5 26. Rb1 g6 27. Rb7 Rb5 28. Rd7 Kg7 29. Raa7 Rf8 30. a4 Rb2 31. Kc3 Ra2 32. Kb3 Ra1 33. Kb2 Rg1 34. a5 Rxg2 35. a6 Rf2 36. Rxf7+ Rxf7 37. Rxf7+ Kxf7 38. a7 Rxf3 39. a8=Q c5 40. Qa7+ Kf6 41. Qxc5 Rh3 42. Qc7 Rh5 43.
Kc1 h6 44. Qf4+ Ke7 45. Kd2 g5 46. Qe5 Kf7 47. Kd3 1-0

[Event "Late-Titled-Tuesday-Blitz-April-16-2024"]
[Site "Chess.com"]
[Date "2024.04.16"]
[Round "11"]
[White "CrushingKings"]
[Black "SaqoChess_Twitch"]
[Result "0-1"]
[WhiteElo "2593"]
[BlackElo "2704"]
[TimeControl "180+1"]
[EndTime "16:05:28 PDT"]
[Termination "SaqoChess_Twitch won on time"]

1. Nf3 d5 2. g3 e6 3. Bg2 Nf6 4. O-O Be7 5. c4 O-O 6. b3 c5 7. cxd5 Nxd5 8. Bb2 Nc6 9. d4 Bf6 10. e4 Ndb4 11. e5 Be7 12. a3 Nd5 13. dxc5 Bxc5 14. b4 Be7 15. Qb3 b5 16. Nbd2 a5 17. Rac1 Bb7 18.
bxa5 Nxa5 19. Qd1 b4 20. axb4 Nxb4 21. Ba3 Ba6 22. Bxb4 Bxb4 23. Re1 Rc8 24. Rxc8 Qxc8 25. Qa4 Qc3 26. Ne4 Qa3 27. Qxa3 Bxa3 28. Ra1 Bb4 29. Bf1 Bb7 30. Nfd2 Nb3 31. Nxb3 Bxe4 32. Ra4 Rb8 33. Nc5 Bc2 34. Na6 Bxa4 35. Nxb8 Bc3 36. f4 Kf8 37. Bg2 Ke7 38. Bc6 Bc2 39. Bb5 Kd8 40.
Nc6+ Kc7 41. Ne7 Be4 42. Ng8 h6 43. Be8 f5 0-1

[Event "Late-Titled-Tuesday-Blitz-April-16-2024"]
[Site "Chess.com"]
[Date "2024.04.16"]
[Round "11"]
[White "Denmark2015"]
[Black "dennisodessa"]
[Result "1-0"]
[WhiteElo "2610"]
[BlackElo "2548"]
[TimeControl "180+1"]
[EndTime "16:05:28 PDT"]
[Termination "Denmark2015 won by resignation"]

1. d4 Nf6 2. c4 e6 3. Nc3 Bb4 4. e3 b6 5. Ne2 Bb7 6. a3 Bd6 7. Ng3 O-O 8. b4 Qe7 9. c5 Bxg3 10. hxg3 e5 11. dxe5 Qxe5 12. Qd4 Re8 13. Qxe5 Rxe5 14.
Bb2 Re7 15. Nb5 Na6 16. Bxf6 gxf6 17. Rc1 bxc5 18. bxc5 Re5 19. Rh4 Rxc5 20. Rxc5 Nxc5 21. Nxc7 Rc8 22. Nb5 Nb3 23. Rc4 Rxc4 24. Bxc4 Na5 25. Bf1 a6 26. Nd6 Bc6 27. Bxa6 Bxg2 28. e4 Kf8 29.
Ke2 Nb3 30. Bc4 Nc5 31. f3 Ne6 32. Kf2 Bh3 33. g4 h5 34. Kg3 hxg4 35. fxg4 Ng5 36. a4 Ke7 37. Nf5+ Kd8 38. a5 Kc7 39. a6 Kb6 40. Nd6 Bxg4 41. Kxg4 Nxe4 42. Nxe4 d5 43.
Be2 dxe4 44. Kf4 f5 45. Kxf5 1-0

[Event "Late-Titled-Tuesday-Blitz-April-16-2024"]
[Site "Chess.com"]
[Date "2024.04.16"]
[Round "11"]
[White "GMMikhailKazakov"]
[Black "rajesh1464"]
[Result "1-0"]
[WhiteElo "2519"]
[BlackElo "2398"]
[TimeControl "180+1"]
[EndTime "16:05:28 PDT"]
[Termination "GMMikhailKazakov won by resignation"]

1. d4 Nf6 2. c4 e6 3. Nc3 Bb4 4. e3 O-O 5. Bd3 d5 6. Bd2 c5 7. Nf3 Nc6 8. cxd5 exd5 9. dxc5 Bxc5 10. O-O d4 11. exd4 Nxd4 12. Nxd4 Bxd4 13. Qc2 h6 14. Rad1 Bg4 15. Be2 Rc8 16. Bxg4 Nxg4 17. Qe4 Qh4 18. h3 Bxf2+ 19. Kh1 f5 20. Qe6+ Kh8 21. Bf4 Rce8 22.
Qg6 Bg3 23. Rd7 Nf2+ 24. Kg1 Nxh3+ 25. gxh3 Bf2+ 26. Kg2 Re7 27. Rxe7 Qxe7 28. Rxf2 Rf6 29. Qg3 Qe6 30. Kh2 Rg6 31. Qf3 Qe1 32. Rg2 Re6 33. Qg3 Qxg3+ 34. Bxg3 1-0

[Event "Late-Titled-Tuesday-Blitz-April-16-2024"]
[Site "Chess.com"]
[Date "2024.04.16"]
[Round "11"]
[White "Vladimir_2020"]
[Black "jcibarra"]
[Result "0-1"]
[WhiteElo "2769"]
[BlackElo "2935"]
[TimeControl "180+1"]
[EndTime "16:05:29 PDT"]
[Termination "jcibarra won on time"]

1. Nf3 d6 2. e4 e5 3. d4 exd4 4.
Nxd4 Nf6 5. Nc3 Be7 6. g3 d5 7. e5 Ng4 8. Bg2 O-O 9. O-O Nxe5 10. Nxd5 Bc5 11. Ne2 Bg4 12. Ndc3 Nbc6 13. Bf4 Re8 14. Qxd8 Raxd8 15. h3 Bf5 16. Rac1 Nb4 17. a3 Nxc2 18. Ne4 Nd4 19. Nxd4 Bxd4 20. Rxc7 Nd3 21. Nc3 Nxb2 22. Nd5 Be6 23. Nb4 a5 24. Nc2 Bf6 25. Rxb7 Nd3 26. Be3 Bc4 27. Rd1 h5 28. Bf1 Bd5 29. Ra7 Ne5 30. Ne1 Nf3+ 31. Nxf3 Bxf3 32. Rxd8 Rxd8 33. Bg2 Bxg2 34. Kxg2 Bc3 35. Bb6 Rd5 36. a4 Bb4 0-1

[Event "Late-Titled-Tuesday-Blitz-April-16-2024"]
[Site "Chess.com"]
[Date "2024.04.16"]
[Round "11"]
[White "dropstoneDP"]
[Black "Aygehovit1992"]
[Result "1-0"]
[WhiteElo "3037"]
[BlackElo "2785"]
[TimeControl "180+1"]
[EndTime "16:05:30 PDT"]
[Termination "dropstoneDP won on time"]

1. e4 c5 2. Nf3 e6 3. d4 cxd4 4. Nxd4 Nc6 5. Nc3 Qc7 6. Be3 a6 7. Nxc6 Qxc6 8. Be2 b5 9. O-O Bb7 10. Bf3 Rc8 11. Re1 Ne7 12. Qd4 Ng6 13. Rad1 b4 14. Nd5 a5 15. Nb6 Rd8 16. e5 Qc7 17. Bxb7 Qxb7 18. Nc4 Be7 19. Nd6+ Bxd6 20. Qxd6 Nh4 21. f3 Nf5 22. Qc5 Nxe3 23. Rxe3 a4 24. Rd4 Rb8 25. Red3 Qb6 26. Qxb6 Rxb6 27. Rxd7 O-O 28. Rc7 Rb5 29. f4 g5 30. Rg3 h6 31. h4 Kh7 32. hxg5 h5 33. g6+ Kh6 34. gxf7 Rd5 35. Rg8 1-0

[Event "Late-Titled-Tuesday-Blitz-April-16-2024"]
[Site "Chess.com"]
[Date "2024.04.16"]
[Round "11"]
[White "Mariia89"]
[Black "JaackCamel"]
[Result "1-0"]
[WhiteElo "2226"]
[BlackElo "2209"]
[TimeControl "180+1"]
[EndTime "16:05:31 PDT"]
[Termination "Mariia89 won on time"]

1. d4 d5 2. c4 e6 3. Nc3 c6 4. e3 Nf6 5. Nf3 Nbd7 6. Bd3 dxc4 7. Bxc4 b5 8. Bd3 a6 9. e4 Bb7 10. e5 Nd5 11. Ne4 c5 12. Bg5 Qb6 13. dxc5 Nxc5 14. Nxc5 Bxc5 15. O-O h6 16. Bc1 O-O 17. a3 a5 18. Qe2 b4 19. Bd2 Rfd8 20. Ne1 Ba6 21. Qe4 Bxd3 22. Nxd3 Bd4 23. Rab1 Ne7 24. axb4 a4 25. Bc3 Nf5 26. Nc5 Bxc5 27. bxc5 Qxc5 28. h3 Ng3 29. Qg4 Nxf1 30. Rxf1 a3 31. Bb4 Qxe5 32.
bxa3 Rd3 33. Re1 Qf6 34. Qe4 Rad8 35. Qe2 Qd4 36. Rf1 e5 37. Qh5 e4 38. Bc5 1-0

[Event "Late-Titled-Tuesday-Blitz-April-16-2024"]
[Site "Chess.com"]
[Date "2024.04.16"]
[Round "11"]
[White "sergiochess83"]
[Black "LiemLe"]
[Result "0-1"]
[WhiteElo "2958"]
[BlackElo "3062"]
[TimeControl "180+1"]
[EndTime "16:05:34 PDT"]
[Termination "LiemLe won on time"]

1. d4 Nf6 2. c4 g6 3. Nc3 d5 4. Bg5 Ne4 5. Bf4 Nxc3 6. bxc3 dxc4 7. e3 Be6 8. Nf3 Bg7 9. Qb1 b6 10. Ng5 Bd5 11. e4 h6 12. exd5 hxg5 13. Qb5+ Qd7 14.
Qxd7+ Nxd7 15. Bxg5 b5 16. a4 b4 17. cxb4 Bxd4 18.
Rc1 c3 19. Bb5 O-O-O 20. Ke2 Nf6 21. Bxf6 Bxf6 22. Bc6 Rh4 23. b5 e6 24. dxe6 Rd2+ 25. Kf3 fxe6 26. g3 Rxa4 27. Rhe1 Rd6 28. Ra1 Rxa1 29.
Rxa1 Kd8 30. Be4 Rd2 31. Bxg6 Bd4 32. h4 Rxf2+ 33. Kg4 Ke7 34. Rc1 Kf6 35. h5 Kg7 36. Rc2 Rf1 37. Ra2 Rf6 0-1

[Event "Late-Titled-Tuesday-Blitz-April-16-2024"]
[Site "Chess.com"]
[Date "2024.04.16"]
[Round "11"]
[White "KorolDimitriy75"]
[Black "Slovineanu"]
[Result "0-1"]
[WhiteElo "2316"]
[BlackElo "2474"]
[TimeControl "180+1"]
[EndTime "16:05:34 PDT"]
[Termination "Slovineanu won on time"]

1. d4 Nf6 2. c4 e6 3. Nc3 d5 4.
cxd5 Nxd5 5. e4 Nxc3 6. bxc3 c5 7. Nf3 cxd4 8. cxd4 Bb4+ 9. Bd2 Bxd2+ 10. Qxd2 O-O 11. Bc4 Nd7 12. O-O b6 13. d5 Nc5 14.
Qf4 Bb7 15. Rad1 exd5 16. exd5 Qf6 17. Qxf6 gxf6 18. Rfe1 Rfe8 19. Nd4 Rad8 20. Nf5 Rxe1+ 21. Rxe1 Kf8 22. d6 Ne4 23. Rd1 Bc8 24. Nh6 Rxd6 25. Re1 Rd4 26. Bb5 Be6 27. f3 Nc3 28. a4 Nxa4 29.
Ra1 Nc3 30. Bf1 a5 31. h3 Rd1 32. Ra3 Nb1 33. Re3 Nd2 34. Kf2 Nxf1 35. Rc3 b5 36. g4 b4 37. Rc7 b3 0-1

[Event "Late-Titled-Tuesday-Blitz-April-16-2024"]
[Site "Chess.com"]
[Date "2024.04.16"]
[Round "11"]
[White "protectiago"]
[Black "RebecaJimnz"]
[Result "0-1"]
[WhiteElo "2058"]
[BlackElo "2264"]
[TimeControl "180+1"]
[EndTime "16:05:34 PDT"]
[Termination "RebecaJimnz won on time"]

1. d4 g6 2. c4 Bg7 3. e4 d6 4.
Be2 Nf6 5. Nc3 O-O 6. Nf3 Nbd7 7.
O-O c5 8. e5 Ne8 9. exd6 exd6 10.
Bg5 Nef6 11. Qb3 b6 12. Rad1 Bb7 13. Nb5 Qb8 14. d5 a6 15. Nc3 Qc7 16. Rfe1 Rfe8 17. Bf1 h6 18. Bf4 Nh5 19. Bc1 Ne5 20. Nxe5 Rxe5 21. Rxe5 Bxe5 22. Bxh6 Nf6 23. Ne2 Bxh2+ 24. Kxh2 Ng4+ 25. Kg1 Nxh6 26. Qh3 Kg7 27. Ng3 Re8 28. Bd3 Bc8 29. Qh4 Qe7 30. Qxe7 Rxe7 31. Ne4 Rd7 32. f3 Rd8 33. g4 f6 34. Kf2 Nf7 35. Re1 Rh8 36.
Kg3 Re8 37. Re2 f5 38. gxf5 gxf5 39. Nc3 Rxe2 40. Bxe2 Kf6 41. Kf4 Bd7 42. a3 Ne5 43.
b4 Ng6+ 44. Ke3 Ke5 45. bxc5 bxc5 46. Bd3 Nf4 47. Bc2 Ng2+ 48. Kf2 Nh4 49. Kg3 Ng6 50. Kf2 Kd4 0-1

[Event "Late-Titled-Tuesday-Blitz-April-16-2024"]
[Site "Chess.com"]
[Date "2024.04.16"]
[Round "11"]
[White "CURRUTACO59"]
[Black "schachsensei_YT"]
[Result "0-1"]
[WhiteElo "2161"]
[BlackElo "2291"]
[TimeControl "180+1"]
[EndTime "16:05:35 PDT"]
[Termination "schachsensei_YT won on time"]

1. Nf3 c5 2. e3 Nf6 3. d4 d5 4.
c4 cxd4 5. exd4 Nc6 6. c5 g6 7. Nc3 Bg7 8. Be2 O-O 9. O-O Ne4 10. Bf4 Bg4 11. Be3 e5 12. Nxe4 dxe4 13. Nxe5 Bxe2 14. Qxe2 Nxd4 15. Bxd4 Qxd4 16. Nc4 Qxc5 17. Qxe4 Rfe8 18.
Qd3 b5 19. Ne3 Rad8 20. Qb3 a6 21. Rac1 Qd4 22. Rc2 Re7 23. g3 Red7 24. Rd1 Qe4 25.
Rxd7 Rxd7 26. Rc1 Bd4 27. Re1 Qf3 28. Qd1 Qxd1 29. Rxd1 Kf8 30. b3 Ke7 31. Re1 Kf6 32. Kg2 Bb6 33. Re2 Rd4 34. Kf3 h5 35. h4 a5 36. Rc2 Rd6 37. Rc8 Bd4 0-1

[Event "Late-Titled-Tuesday-Blitz-April-16-2024"]
[Site "Chess.com"]
[Date "2024.04.16"]
[Round "11"]
[White "Alexei_Gubajdullin"]
[Black "KNVB"]
[Result "1-0"]
[WhiteElo "2641"]
[BlackElo "2766"]
[TimeControl "180+1"]
[EndTime "16:05:37 PDT"]
[Termination "Alexei_Gubajdullin won on time"]

1. d4 e5 2. dxe5 Nc6 3. Nf3 Qe7 4. Bg5 Qb4+ 5. Nc3 Qxb2 6. Bd2 Bb4 7. Rb1 Qxc3 8.
Bxc3 Bxc3+ 9. Nd2 Nxe5 10. Rb3 Ba5 11. Re3 d6 12. f4 Bb6 13. Re4 f5 14. fxe5 fxe4 15. Nxe4 Bf5 16. Qd5 O-O-O 17. exd6 Bxe4 18. Qxe4 Nf6 19. Qf5+ Kb8 20. dxc7+ Bxc7 21. g3 Rd5 22. Qf3 Rhd8 23. e4 Nxe4 24. Bd3 Ba5+ 25. Ke2 Ng5 26.
Qg4 Re5+ 27. Kd1 Rde8 28. c3 h5 29. Qf4 Bc7 30. Qa4 Nh3 31. Kc2 Nf2 32. Rb1 Nxd3 33. Kxd3 Rd8+ 34. Kc2 Re2+ 35. Kb3 a6 36. Qc4 Rdd2 37.
Qg8+ Ka7 38. Qxg7 Bd6 39. Kc4 Bc7 40. Qxc7 Re4+ 41. Kb3 Re6 42. Qc5+ Kb8 43. Ka3 1-0